TOP OF THE 1ST |
Alabama Crimson Tide batting - Pitching for Penn State Nittany Lions : LHP Felipe Díaz
|
Pitching: LHP Felipe Díaz
|
|
Batting: SHB Jorge Dávila
|
0-0: Swinging Strike 0-1: Ground out 1-3 (Groundball, 13S)
|
Batting: RHB Eddie Howell
|
0-0: Ball 1-0: Ball 2-0: DOUBLE (Line Drive, 78M)
|
Batting: LHB Mike Godfrey
|
0-0: Ball 1-0: Called Strike 1-1: 2-RUN HOME RUN (Flyball, 89XD), Distance : 375 ft
|
Batting: LHB Davey Davis
|
0-0: Ball 1-0: Ball 2-0: Ground out U3 (Groundball, 3S)
|
Batting: RHB Bob Johnson
|
0-0: Ball 1-0: Ground out 5-3 (Groundball, 56)
|
Top of the 1st over - 2 run(s), 2 hit(s), 0 error(s), 0 left on base; Alabama 2 - Penn State 0 |
BOTTOM OF THE 1ST |
Penn State Nittany Lions batting - Pitching for Alabama Crimson Tide : RHP Brian Just
|
Pitching: RHP Brian Just
|
|
Batting: LHB Andrew Russell
|
0-0: Called Strike 0-1: Ground out 6-3 (Groundball, 6)
|
Batting: RHB Bob Cole
|
0-0: Called Strike 0-1: SINGLE (Line Drive, 6M)
|
Batting: RHB Tom Gordon
|
0-0: Called Strike 0-1: DOUBLE (Flyball, 8LXD) Bob Cole to third Runner from 3rd tries for Home, SAFE, throw made at trailing runner, OUT at third!
|
Batting: RHB Randy Jacobs
|
0-0: Ball 1-0: Ball 2-0: Ball 3-0: Base on Balls
|
Batting: RHB Johnny Hood
|
0-0: Called Strike 0-1: Foul Ball, location: 2F 0-2: Strikes out swinging
|
Bottom of the 1st over - 1 run(s), 2 hit(s), 0 error(s), 1 left on base; Alabama 2 - Penn State 1 |
TOP OF THE 2ND |
Alabama Crimson Tide batting - Pitching for Penn State Nittany Lions : LHP Felipe Díaz
|
Batting: RHB Rob Mapp
|
0-0: Ball 1-0: Called Strike 1-1: Ball 2-1: Foul Ball, location: 2F 2-2: Ball 3-2: SINGLE (Line Drive, 6M)
|
Batting: RHB Andrew O'Dell
|
0-0: Ball 1-0: Ball 2-0: Grounds into double play, 6-4-3 (Groundball, 6D)
|
Batting: LHB Jorge Cuero
|
0-0: Ball 1-0: Ball 2-0: Called Strike 2-1: Ball 3-1: Called Strike 3-2: SINGLE (Groundball, 15S) (infield hit)
|
Batting: LHB Fred Abrams
|
0-0: Called Strike 0-1: Ball 1-1: Ball 2-1: Foul Ball, location: 2F 2-2: Ball 3-2: Base on Balls Jorge Cuero to second
|
Batting: SHB Jorge Dávila
|
0-0: Ground out U3 (Groundball, 3L)
|
Top of the 2nd over - 0 run(s), 2 hit(s), 0 error(s), 2 left on base; Alabama 2 - Penn State 1 |
BOTTOM OF THE 2ND |
Penn State Nittany Lions batting - Pitching for Alabama Crimson Tide : RHP Brian Just
|
Batting: SHB Tony Yan
|
0-0: Called Strike 0-1: Foul Ball, location: 2F 0-2: Ball 1-2: Foul Ball, location: 2F 1-2: Ground out 4-3 (Groundball, 4)
|
Batting: SHB Jim Gibson
|
0-0: Called Strike 0-1: Foul Ball, location: 2F 0-2: Fly out, F7 (Popup, 56D)
|
Batting: RHB Sergio Gonzáles
|
0-0: Ball 1-0: Ball 2-0: Called Strike 2-1: Ball 3-1: SINGLE (Line Drive, 89M)
|
Batting: RHB Jeremiah Ward
|
0-0: Ball 1-0: Called Strike 1-1: Fly out, F8 (Flyball, 8LM)
|
Bottom of the 2nd over - 0 run(s), 1 hit(s), 0 error(s), 1 left on base; Alabama 2 - Penn State 1 |
TOP OF THE 3RD |
Alabama Crimson Tide batting - Pitching for Penn State Nittany Lions : LHP Felipe Díaz
|
Batting: RHB Eddie Howell
|
0-0: Ball 1-0: Called Strike 1-1: Ball 2-1: SINGLE (Groundball, 4MD)
|
Batting: LHB Mike Godfrey
|
0-0: 2-RUN HOME RUN (Flyball, 89XD), Distance : 378 ft
|
Batting: LHB Davey Davis
|
0-0: Ground out 6-3 (Groundball, 6MS)
|
Batting: RHB Bob Johnson
|
0-0: Ball 1-0: Fly out, F9 (Flyball, 9M)
|
Batting: RHB Rob Mapp
|
0-0: Ball 1-0: Ball 2-0: SINGLE (Line Drive, 89M)
|
Batting: RHB Andrew O'Dell
|
0-0: Ball 1-0: Ground out 5-3 (Groundball, 5)
|
Top of the 3rd over - 2 run(s), 3 hit(s), 0 error(s), 1 left on base; Alabama 4 - Penn State 1 |
BOTTOM OF THE 3RD |
Penn State Nittany Lions batting - Pitching for Alabama Crimson Tide : RHP Brian Just
|
Batting: LHB Andrew Russell
|
0-0: Fly out, F7 (Flyball, 7M)
|
Batting: RHB Bob Cole
|
0-0: Called Strike 0-1: Ball 1-1: Fly out, F7 (Flyball, 78M)
|
Batting: RHB Tom Gordon
|
0-0: Ground out 3-1 (Groundball, 34S)
|
Bottom of the 3rd over - 0 run(s), 0 hit(s), 0 error(s), 0 left on base; Alabama 4 - Penn State 1 |
TOP OF THE 4TH |
Alabama Crimson Tide batting - Pitching for Penn State Nittany Lions : LHP Felipe Díaz
|
Batting: LHB Jorge Cuero
|
0-0: SINGLE (Groundball, 34D)
|
Batting: LHB Fred Abrams
|
0-0: Foul Ball, location: 2F 0-1: SINGLE (Line Drive, 7S) Jorge Cuero to second
|
Batting: SHB Jorge Dávila
|
0-0: Fly out, F3 (Popup, 34S)
|
Batting: RHB Eddie Howell
|
0-0: Called Strike 0-1: Swinging Strike 0-2: Strikes out swinging
|
Batting: LHB Mike Godfrey
|
0-0: Ball 1-0: Ball 2-0: Called Strike 2-1: Called Strike 2-2: Foul Ball, location: 2F 2-2: Ball 3-2: Base on Balls Jorge Cuero to third Fred Abrams to second
|
Batting: LHB Davey Davis
|
0-0: Called Strike 0-1: GRAND SLAM HOME RUN (Flyball, 8LXD), Distance : 384 ft
|
Pitching: LHP Tommy Corrigan
|
|
Batting: RHB Bob Johnson
|
0-0: Called Strike 0-1: Called Strike 0-2: Foul Ball, location: 2F 0-2: Foul Ball, location: 2F 0-2: Ball 1-2: Strikes out looking
|
Top of the 4th over - 4 run(s), 3 hit(s), 0 error(s), 0 left on base; Alabama 8 - Penn State 1 |
BOTTOM OF THE 4TH |
Penn State Nittany Lions batting - Pitching for Alabama Crimson Tide : RHP Brian Just
|
Batting: RHB Randy Jacobs
|
0-0: Fly out, F6 (Line Drive, 6)
|
Batting: RHB Johnny Hood
|
0-0: Called Strike 0-1: Swinging Strike 0-2: Strikes out swinging
|
Batting: SHB Tony Yan
|
0-0: Ball 1-0: Ball 2-0: Foul Ball, location: 2F 2-1: Foul Ball, location: 2F 2-2: DOUBLE (Groundball, 3L)
|
Batting: SHB Jim Gibson
|
0-0: Swinging Strike 0-1: Ball 1-1: Ball 2-1: Ball 3-1: Called Strike 3-2: Strikes out swinging
|
Bottom of the 4th over - 0 run(s), 1 hit(s), 0 error(s), 1 left on base; Alabama 8 - Penn State 1 |
TOP OF THE 5TH |
Alabama Crimson Tide batting - Pitching for Penn State Nittany Lions : LHP Tommy Corrigan
|
Batting: RHB Rob Mapp
|
0-0: Called Strike 0-1: Ball 1-1: Ball 2-1: Swinging Strike 2-2: SINGLE (Line Drive, 9S)
|
Batting: RHB Andrew O'Dell
|
0-0: Called Strike 0-1: Ball 1-1: Ball 2-1: Ground out U3 (Groundball, 3S) Rob Mapp to second
|
Batting: LHB Jorge Cuero
|
0-0: Called Strike 0-1: Reached on Error, E7 (Flyball, 78M) Rob Mapp to third
|
Batting: LHB Fred Abrams
|
0-0: Ball 1-0: Called Strike 1-1: Ball 2-1: SINGLE (Line Drive, 4D) Rob Mapp scores Jorge Cuero to second
|
Batting: SHB Jorge Dávila
|
0-0: Ball 1-0: Called Strike 1-1: Swinging Strike 1-2: Strikes out looking
|
Batting: RHB Eddie Howell
|
0-0: Swinging Strike 0-1: Called Strike 0-2: Foul Ball, location: 2F 0-2: Strikes out swinging
|
Top of the 5th over - 1 run(s), 2 hit(s), 1 error(s), 2 left on base; Alabama 9 - Penn State 1 |
BOTTOM OF THE 5TH |
Penn State Nittany Lions batting - Pitching for Alabama Crimson Tide : RHP Brian Just
|
Batting: RHB Sergio Gonzáles
|
0-0: Ball 1-0: Swinging Strike 1-1: Fly out, F8 (Flyball, 8RM)
|
Batting: RHB Jeremiah Ward
|
0-0: Bunt for hit - play at first, batter OUT! 2-3
|
Batting: LHB Andrew Russell
|
0-0: Ball 1-0: Called Strike 1-1: Fly out, F8 (Flyball, 8RM)
|
Bottom of the 5th over - 0 run(s), 0 hit(s), 0 error(s), 0 left on base; Alabama 9 - Penn State 1 |
TOP OF THE 6TH |
Alabama Crimson Tide batting - Pitching for Penn State Nittany Lions : LHP Tommy Corrigan
|
Batting: LHB Mike Godfrey
|
0-0: Ball 1-0: Called Strike 1-1: Swinging Strike 1-2: Ball 2-2: Foul Ball, location: 2F 2-2: Strikes out looking
|
Batting: LHB Davey Davis
|
0-0: Ground out 6-3 (Groundball, 56)
|
Batting: RHB Bob Johnson
|
0-0: Called Strike 0-1: Foul Ball, location: 2F 0-2: SINGLE (Groundball, 4MD)
|
Batting: RHB Rob Mapp
|
0-0: Ball 1-0: SINGLE (Groundball, 4MD) Bob Johnson to second Runner from 2nd tries for 3rd, OUT!
|
Top of the 6th over - 0 run(s), 2 hit(s), 0 error(s), 1 left on base; Alabama 9 - Penn State 1 |
BOTTOM OF THE 6TH |
Penn State Nittany Lions batting - Pitching for Alabama Crimson Tide : RHP Brian Just
|
Batting: RHB Bob Cole
|
0-0: SOLO HOME RUN (Flyball, 89XD), Distance : 386 ft
|
Batting: RHB Tom Gordon
|
0-0: Ball 1-0: Fly out, F3 (Line Drive, 34)
|
Batting: RHB Randy Jacobs
|
0-0: Ball 1-0: Ball 2-0: Ground out 1-3 (Groundball, 15S)
|
Batting: RHB Johnny Hood
|
0-0: Ball 1-0: Called Strike 1-1: Ball 2-1: Called Strike 2-2: SINGLE (Line Drive, 6MD)
|
Batting: SHB Tony Yan
|
0-0: Ball 1-0: Called Strike 1-1: Fielders Choice at 2nd, U6 (Groundball, 6M)
|
Bottom of the 6th over - 1 run(s), 2 hit(s), 0 error(s), 1 left on base; Alabama 9 - Penn State 2 |
TOP OF THE 7TH |
Alabama Crimson Tide batting - Pitching for Penn State Nittany Lions : LHP Tommy Corrigan
|
Pitching: RHP Justin Jackson
|
|
Batting: RHB Andrew O'Dell
|
0-0: Ball 1-0: Ground out 6-3 (Groundball, 56)
|
Batting: LHB Jorge Cuero
|
0-0: Foul Ball, location: 2F 0-1: Ball 1-1: Swinging Strike 1-2: Foul Ball, location: 2F 1-2: Strikes out swinging
|
Batting: LHB Fred Abrams
|
0-0: Ball 1-0: Called Strike 1-1: Swinging Strike 1-2: SINGLE (Groundball, 4MD) (infield hit)
|
Batting: SHB Jorge Dávila
|
0-0: Ball 1-0: Swinging Strike 1-1: Foul Ball, location: 2F 1-2: Ball Fred Abrams steals 2nd base 2-2: Ball 3-2: Base on Balls
|
Batting: RHB Eddie Howell
|
0-0: Ball 1-0: Foul Ball, location: 2F 1-1: Foul Ball, location: 2F 1-2: Ball 2-2: Strikes out swinging
|
Top of the 7th over - 0 run(s), 1 hit(s), 0 error(s), 2 left on base; Alabama 9 - Penn State 2 |
BOTTOM OF THE 7TH |
Penn State Nittany Lions batting - Pitching for Alabama Crimson Tide : RHP Brian Just
|
Batting: SHB Jim Gibson
|
0-0: Called Strike 0-1: Ball 1-1: Fly out, F8 (Flyball, 8LXD)
|
Batting: RHB Sergio Gonzáles
|
0-0: SINGLE (Groundball, 4M)
|
Batting: RHB Jeremiah Ward
|
0-0: Ball 1-0: Called Strike 1-1: Ball 2-1: Fielders Choice at 2nd, 6-4 (Groundball, 6)
|
Batting: LHB Andrew Russell
|
0-0: Called Strike 0-1: Fielders Choice at 2nd, U4 (Groundball, 4M)
|
Bottom of the 7th over - 0 run(s), 1 hit(s), 0 error(s), 1 left on base; Alabama 9 - Penn State 2 |
TOP OF THE 8TH |
Alabama Crimson Tide batting - Pitching for Penn State Nittany Lions : RHP Justin Jackson
|
Batting: LHB Mike Godfrey
|
0-0: Called Strike 0-1: Ball 1-1: Swinging Strike 1-2: Ball 2-2: Strikes out looking
|
Pinch Hitting: RHB Curt Marks
|
0-0: Ball 1-0: Foul Ball, location: 2F 1-1: Foul Ball, location: 2F 1-2: Strikes out swinging
|
Batting: RHB Bob Johnson
|
0-0: Ball 1-0: Ball 2-0: Called Strike 2-1: Foul Ball, location: 2F 2-2: Strikes out looking
|
Top of the 8th over - 0 run(s), 0 hit(s), 0 error(s), 0 left on base; Alabama 9 - Penn State 2 |
BOTTOM OF THE 8TH |
Penn State Nittany Lions batting - Pitching for Alabama Crimson Tide : RHP Brian Just
|
Pitching: RHP Logan Villiers
|
|
Now at C: Wally Brandt
|
|
Now in LF: Curt Marks
|
|
Batting: RHB Bob Cole
|
0-0: Called Strike 0-1: Ball 1-1: Called Strike 1-2: Strikes out swinging
|
Batting: RHB Tom Gordon
|
0-0: Swinging Strike 0-1: Ball 1-1: Swinging Strike 1-2: Ball 2-2: Fly out, F8 (Flyball, 8RD)
|
Batting: RHB Randy Jacobs
|
0-0: Ball 1-0: Called Strike 1-1: Ball 2-1: Swinging Strike 2-2: Ball 3-2: Strikes out swinging
|
Bottom of the 8th over - 0 run(s), 0 hit(s), 0 error(s), 0 left on base; Alabama 9 - Penn State 2 |
TOP OF THE 9TH |
Alabama Crimson Tide batting - Pitching for Penn State Nittany Lions : RHP Justin Jackson
|
Batting: RHB Rob Mapp
|
0-0: Foul Ball, location: 2F 0-1: Ball 1-1: Ball 2-1: Ground out 4-3 (Groundball, 34)
|
Batting: RHB Andrew O'Dell
|
0-0: Ball 1-0: Foul Ball, location: 2F 1-1: Foul Ball, location: 2F 1-2: Foul Ball, location: 2F 1-2: Strikes out swinging passed ball, reaches first!
|
Batting: LHB Jorge Cuero
|
0-0: Called Strike 0-1: Swinging Strike 0-2: Ball 1-2: Foul Ball, location: 2F 1-2: Ball 2-2: Foul Ball, location: 2F 2-2: Ball 3-2: Base on Balls Andrew O'Dell to second
|
Pitching: LHP Pete Mueller
|
|
Batting: LHB Fred Abrams
|
0-0: Ball 1-0: Swinging Strike 1-1: Ball 2-1: Foul Ball, location: 2F 2-2: Ball 3-2: Foul Ball, location: 2F 3-2: Fly out, F9 (Line Drive, 89M)
|
Batting: SHB Jorge Dávila
|
0-0: Called Strike 0-1: Ball 1-1: Foul Ball, location: 2F 1-2: Ball 2-2: Fly out, F6 (Popup, 6M)
|
Top of the 9th over - 0 run(s), 0 hit(s), 0 error(s), 2 left on base; Alabama 9 - Penn State 2 |
BOTTOM OF THE 9TH |
Penn State Nittany Lions batting - Pitching for Alabama Crimson Tide : RHP Logan Villiers
|
Batting: RHB Johnny Hood
|
0-0: Ground out 1-3 (Groundball, 13S)
|
Batting: SHB Tony Yan
|
0-0: SINGLE (Groundball, 6MD)
|
Batting: SHB Jim Gibson
|
0-0: Called Strike 0-1: Ball 1-1: Swinging Strike 1-2: Grounds into double play, 4-6-3 (Groundball, 34)
|
Bottom of the 9th over - 0 run(s), 1 hit(s), 0 error(s), 0 left on base; Alabama 9 - Penn State 2 |
|